 Dungeon Crawl Stone Soup version 0.32-a0-799-g95e1662365 (webtiles) character file.

Game seed: 12810051621723254390

441 cforsyth the Chopper (level 6, -3/53 HPs)
             Began as a Mountain Dwarf Cinder Acolyte on Mar 21, 2024.
             Was a High Priest of Ignis.
             Slain by a sleepcap (15 damage)
             ... on level 4 of the Dungeon.
             The game lasted 00:07:04 (5377 turns).

cforsyth the Chopper (MDCA)                         Turns: 5377, Time: 00:07:05

Health: -3/53      AC: 11    Str: 19    XL:     6   Next: 70%
Magic:  3/9        EV:  2    Int: 14    God:    Ignis [*****.]
Gold:   237        SH:  0    Dex:  5    Spells: 8/10 levels left

rFire   + . .        a - -1 hand axe (flame)
rCold   . . .        (no shield)
rNeg    . . .        m - +0 chain mail
rPois   .            b - +0 helmet
rElec   .            (no cloak)
rCorr   .            k - +0 pair of gloves
SInv    .            (no boots)
Will    .....        (no amulet) Stlth
                     (no ring)
HPRegen 0.28/turn    (no ring)
MPRegen 0.11/turn

%: no passive effects
@: sleeping
A: runic magic, artefact enchanting
a: Renounce Religion, Fiery Armour, Foxfire Swarm, Rising Flame


You were on level 4 of the Dungeon.
You worshipped Ignis.
Ignis was extremely pleased with you.
You visited 1 branch of the dungeon, and saw 5 of its levels.

You collected 237 gold pieces.


Innate Abilities, Weirdness & Mutations

Your spellcasting is much less encumbered by armour.
You can use scrolls of enchantment on lesser artefacts.


   Skills:
 + Level 4.7 Fighting
 + Level 5.3 Axes
 + Level 3.0 Armour
 + Level 2.6 Spellcasting
 + Level 5.2 Fire Magic


You had 8 spell levels left.
You knew the following spells:

 Your Spells              Type           Power      Damage    Failure   Level
X - Scorch                Fire           32%        2d6       7%          2

Your spell library contained the following spells:

 Spells                   Type           Power      Damage    Failure   Level
 Magic Dart               Conj           4%         1d3       36%         1
 Searing Ray              Conj           2%         2d4       50%         2
 Dazzling Flash           Conj/Hex       2%         N/A       75%         3
 Stone Arrow              Conj/Erth      2%         3d7       75%         3
 Tukima's Dance           Hex            1%         N/A       75%         3
 Animate Armour           Summ/Erth      2%         N/A       98%         4
 Fulminant Prism          Conj/Alch      0%         3d5       98%         4
 Passage of Golubria      Tloc           1%         N/A       98%         4
 Yara's Violent Unravell  Hex/Alch       0%         3d3       100%        5
 Starburst                Conj/Fire      4%         6d4       100%        6
 Lehudib's Crystal Spear  Conj/Erth      0%         10d2      100%        8
 Maxwell's Capacitive Co  Air            0%         ∞         100%        8

Inventory:

Hand Weapons
 a - a -1 hand axe of flaming (weapon)
Armour
 b - a +0 helmet (worn)
 k - a +0 pair of gloves (worn)
 m - a +0 chain mail (worn)
Jewellery
 C - a ring of ice
Wands
 u - a wand of charming (10)
Scrolls
 h - a scroll of identify {unknown}
 i - a scroll of revelation {unknown}
 l - a scroll of enchant armour {unknown}
 q - a scroll of teleportation {unknown}
 r - a scroll of poison {unknown}
Potions
 c - a potion of enlightenment {unknown}
 d - 2 potions of haste {unknown}
 e - a potion of mutation {unknown}
 f - a potion of attraction {unknown}
 g - 2 potions of heal wounds {unknown}
 n - 2 potions of invisibility {unknown}
 o - 2 potions of curing {@q1}
 p - a potion of brilliance {unknown}

Dungeon Overview and Level Annotations

Branches:
Dungeon (5/15)             Temple (0/1) D:5

Altars:
Gozag
Ru
Uskayaw

Shops:
D:2

=
#.....##.#.........#
#.#
########...#.......#
#.# #####.....###
#.# ####..# #.# #.)#
#.# ##># #.# #[# #.#
#f# #.# #@# #.# #.#
#.# #.# #.# #.# #.#
#.# #.# #.# #.#
#.#########.#
#...........#
#############


You could see a sleepcap.


Message History

Unknown command.
The sleepcap is no longer more vulnerable to fire.
Things that are here:
a +0 robe; a +0 dagger; an orc corpse The sleepcap attacks as it pursues you!
The sleepcap releases spores at you.
You are engulfed in a cloud of soporific spores!
You fall asleep.
The sleepcap releases spores at you!
You wake up.
* * * LOW HITPOINT WARNING * * *
The sleepcap attacks as it pursues you! The sleepcap releases spores at you.
* * * LOW HITPOINT WARNING * * *
You hit the sleepcap but do no damage.
The sleepcap is severely damaged.
The sleepcap releases spores at you but does no damage.
You hit the sleepcap but do no damage.
The sleepcap is severely damaged.
The sleepcap releases spores at you but does no damage.
You hit the sleepcap. You burn the sleepcap.
The sleepcap is severely damaged.
The sleepcap completely misses you.
Unknown command.
You hit the sleepcap but do no damage.
The sleepcap is severely damaged.
The sleepcap releases spores at you.
* * * LOW HITPOINT WARNING * * *
You are engulfed in a cloud of soporific spores!
You fall asleep.
The sleepcap releases spores at you!
You die...
Ignis goes out, and joins you in death.

Skill      XL: |  1  2  3  4  5  6 |
---------------+-------------------+-----
Armour         | 1 2 3 |  3.0
Fire Magic     | 4 5 |  5.2
Axes           | 4 5 |  5.3
Fighting       | 4 |  4.7
Spellcasting   | 2 |  2.6

Action                     |  1- 3 |  4- 6 || total
---------------------------+-------+-------++-------
  Melee: Hand axe          |    66 |    70 ||   136
   Cast: Scorch            |    27 |    86 ||   113
  Evoke: Wand              |       |     2 ||     2
    Use: Scroll            |       |     3 ||     3
         Potion            |       |     1 ||     1
 Armour: Robe              |    41 |       ||    41
         Chain mail        |     2 |   142 ||   144
  Dodge: Dodged            |    53 |    50 ||   103

Levels and vault maps discovered:
D:1:      wander_arrival_chamber, layout_loops_ring, minmay_tetromino_s4
D:2:      layout_rooms, serial_shops, nicolae_shop_gaudy_bauble, basic_altar,
          kennysheep_pointless_box
D:3:      wad_woods_stonehenge, layout_basic, hangedman_ru_absence
D:4:      cheibrodos_quashed, layout_basic, hangedman_decor_points, uniq_robin
D:5:      layout_cave_pools, mainiacjoe_overflow_brackets,
          minmay_temple_entry_ruins, serial_gnoll_camp,
          gnoll_camp_mini_sergeant, gnoll_camp_mini_basic, gnoll_camp_mini_hut,
          gnoll_camp_mini_hut, serial_bayou_pond_e, uniq_sigmund, uniq_grinder

Notes
Turn   | Place    | Note
-------+----------+-------------------------------------------
     0 | D:1      | cforsyth the Mountain Dwarf Cinder Acolyte began the quest
                  | for the Orb.
     0 | D:1      | Reached XP level 1. HP: 19/19 MP: 2/2
    52 | D:1      | Reached XP level 2. HP: 16/26 MP: 3/3
   155 | D:1      | You fall into a shaft and drop 1 floor!
   155 | D:2      | Found Geynay's Jewellery Emporium.
   255 | D:2      | Reached skill level 1 in Armour
   255 | D:2      | Reached skill level 4 in Fire Magic
   255 | D:2      | Reached XP level 3. HP: 19/31 MP: 3/5
   258 | D:2      | Learned a level 2 spell: Scorch
   315 | D:2      | Reached skill level 4 in Axes
  1523 | D:2      | Found an opulent altar of Gozag.
  1945 | D:3      | Reached XP level 4. HP: 40/40 MP: 3/6
  2120 | D:3      | Found a sacrificial altar of Ru.
  2636 | D:3      | Reached skill level 4 in Fighting
  2943 | D:3      | Found a hide-covered altar of Uskayaw.
  3403 | D:4      | Noticed a scorpion
  3406 | D:4      | Killed a scorpion
  3407 | D:4      | Reached skill level 2 in Armour
  3407 | D:4      | Reached skill level 2 in Spellcasting
  3407 | D:4      | Reached XP level 5. HP: 46/46 MP: 0/8
  3912 | D:4      | Noticed Robin
  3926 | D:4      | Killed Robin
  4224 | D:4      | Reached XP level 6. HP: 48/53 MP: 0/9
  4649 | D:4      | Reached skill level 5 in Axes
  4907 | D:5      | Entered Level 5 of the Dungeon
  4939 | D:5      | Found a staircase to the Ecumenical Temple.
  4951 | D:5      | Reached skill level 5 in Fire Magic
  5273 | D:4      | Reached skill level 3 in Armour
  5377 | D:4      | Slain by a sleepcap

Vanquished Creatures
  A scorpion (D:4)
  A bombardier beetle (D:4)
  A jelly (D:4)
  An iguana (D:3)
  An orc wizard (D:4)
  Robin (D:4)
  3 gnolls
  4 adders
  A white imp (D:5)
  3 dart slugs
  4 ribbon worms
  8 orcs (D:4)
  8 ball pythons
  7 endoplasms
  2 giant cockroaches
  13 goblins
  13 hobgoblins
  A jackal (D:4)
  8 quokkas
  6 bats
  4 frilled lizards
  4 kobolds (D:1)
  5 rats
100 creatures vanquished.

Vanquished Creatures (collateral kills)
  A hound (D:5)
  A gnoll (D:5)
2 creatures vanquished.

Vanquished Creatures (others)
  An ogre (D:5)
1 creature vanquished.

Grand Total: 103 creatures vanquished

Table legend: (Time is in decaauts)
 A = Elapsed time spent in this place.
 B = Non-inter-level travel time spent in this place.
 C = Inter-level travel time spent in this place.
 D = Time resting spent in this place.
 E = Time spent auto-exploring this place.
 F = Levels seen in this place.
 G = Mean time per level.
                   A        B        C        D        E       F      G
               +--------+--------+--------+--------+--------+-----+--------+
         Total |   5392 |   5217 |    175 |    622 |   3802 |   5 | 1078.4 |
       Dungeon |   5392 |   5217 |    175 |    622 |   3802 |   5 | 1078.4 |
               +--------+--------+--------+--------+--------+-----+--------+

Top non-repeatable levels by time:
     D:4: 1893 daAuts
     D:3: 1533 daAuts
     D:1: 1101 daAuts
     D:2: 768 daAuts
     D:5: 95 daAuts

Table legend:
 A = Non-vault XP
 B = Vault XP
 C = Vault XP percentage of total XP
 D = Non-vault monster count
 E = Vault monster count
 F = Vault count percentage of total count
                 A         B        C        D         E       F
            +---------+---------+-------+---------+---------+-------
      Total |     467 |     163 |  25.9 |      79 |      24 |  23.3
            +---------+---------+-------+---------+---------+-------
        D:1 |      41 |       1 |   2.4 |      26 |       1 |   3.7
        D:2 |      50 |       0 |   0.0 |      13 |       0 |   0.0
        D:3 |      81 |      55 |  40.4 |      16 |      10 |  38.5
        D:4 |     252 |      33 |  11.6 |      21 |      10 |  32.3
        D:5 |      43 |      74 |  63.2 |       3 |       3 |  50.0
            +---------+---------+-------+---------+---------+-------
